 Seeded DCSS version 0.32-a0-913-g739538afd8 (webtiles) character file.

Game seed: 17073724502869601980 (custom seed)

5231 timneilson the Nimble (level 10, 0/75 HPs)
             Began as a Djinni Conjurer on Apr 9, 2024.
             Was a High Priest of Makhleb.
             Slain by a skeletal warrior
             ... wielding a +0 dire flail
              (23 damage)
             ... on level 9 of the Dungeon.
             The game lasted 00:30:23 (9161 turns).

timneilson the Nimble (Djinni Conjurer)             Turns: 9161, Time: 00:30:23

Health: 0/75       AC:  8    Str:  6    XL:     10   Next: 92%
Gold:   364        EV: 16    Int: 31    God:    Makhleb [*****.] SH:  0 Dex: 17

rFire   + + .        c - +0 dagger (protect)
rCold   x . .        (no shield)
rNeg    + . .        a - +1 robe
rPois   ∞            m - +2 hat
rElec   .            (no cloak)
rCorr   +            l - +2 pair of gloves of the Great Game {rN+ rCorr MP-9 Dex+6}
SInv    +            (boots unavailable)
Will    +....        (no amulet)
Stlth   +++          k - ring of see invisible
HPRegen 0.32/turn    B - +6 ring of intelligence

%: infuse magic (-1 HP)
@: flying, studying Evocations
A: sickness immunity, fire resistance 2, cold vulnerability 1, float, innate
caster, HP casting, extra vitality 1
a: Renounce Religion, Minor Destruction, Lesser Servant of Makhleb, Major
Destruction, Greater Servant of Makhleb


You were on level 9 of the Dungeon.
You worshipped Makhleb.
Makhleb was extremely pleased with you.
You visited 2 branches of the dungeon, and saw 10 of its levels.

You collected 364 gold pieces.

Inventory:

Hand Weapons
 c - a +0 dagger of protection (weapon)
Missiles
 t - 24 poisoned darts
 C - 2 atropa-tipped darts
 E - a curare-tipped dart
 G - 2 throwing nets
Armour
 a - a +1 robe (worn)
 l - the +2 pair of gloves of the Great Game (worn) {rN+ rCorr MP-9 Dex+6}
   (You acquired it on level 4 of the Dungeon)

   Dex+6:     It affects your dexterity (+6).
   rN+:       It protects you from negative energy.
   MP-9:      It affects your magic capacity (-9).
   rCorr:     It protects you from acid and corrosion.
 m - a +2 hat (worn)
Jewellery
 h - a ring of resist corrosion
 k - a ring of see invisible (left hand)
 w - a +4 ring of protection
 B - a +6 ring of intelligence (right hand)
Wands
 i - a wand of roots (21)
 u - a wand of flame (17)
 v - a wand of quicksilver (10)
 D - a wand of mindburst (8)
 I - a wand of charming (5)
Scrolls
 q - 2 scrolls of fear
 r - 2 scrolls of amnesia
 y - a scroll of teleportation
 A - a scroll of summoning {unknown}
 F - a scroll of revelation {unknown}
 H - a scroll of noise {unknown}
Potions
 b - 2 potions of lignification
 d - 3 potions of haste {unknown}
 e - a potion of mutation {unknown}
 f - a potion of magic {unknown}
 g - 4 potions of curing {unknown}
 j - 2 potions of berserk rage
 n - 2 potions of might
 o - a potion of degeneration {unknown}
 p - 2 potions of ambrosia
 s - a potion of heal wounds {unknown}
 x - 2 potions of attraction {unknown}
 z - a potion of enlightenment {unknown}


   Skills:
 * Level 7.2 Fighting
 + Level 4.9 Armour
 * Level 8.3 Dodging
 + Level 4.9 Stealth
 + Level 5.3 Spellcasting
 + Level 5.3 Conjurations
 + Level 5.3 Hexes
 + Level 5.3 Summonings
 + Level 5.3 Necromancy
 + Level 5.3 Translocations
 + Level 5.3 Fire Magic
 + Level 5.3 Ice Magic
 + Level 5.3 Air Magic
 + Level 5.3 Earth Magic
 + Level 5.3 Alchemy
 + Level 4.8 Invocations
 + Level 7.0 Evocations


You knew the following spells:

 Your Spells              Type           Power      Damage    Failure   Level
a - Magic Dart            Conj           100%       1d8       1%          1
b - Searing Ray           Conj           82%        2d7       1%          2
c - Fulminant Prism       Conj/Alch      20%        3d12      6%          4
d - Iskenderun's Mystic Conj/Tloc 41%            2d9        (+2d5     6%          4
e - Sting                 Conj/Alch      100%       1d9       1%          1
f - Scorch                Fire           82%        2d8       1%          2
g - Fugue of the Fallen   Necr           41%        N/A       1%          3
h - Sigil of Binding      Hex            41%        N/A       1%          3
Your spell library was empty.

Dungeon Overview and Level Annotations

Branches:
Dungeon (9/15)             Temple (1/1) D:5            Lair (0/5) D:9
    Orc: D:9-12

Altars:
Ashenzari
Cheibriados
Dithmenos
Elyvilon
Fedhas
Gozag
Hepliaklqana
Makhleb
Nemelex Xobeh
Okawaru
Qazlal
Ru
Trog
Uskayaw
Wu Jian
Xom
Yredelemnul
Zin
The Shining One

Shops:
D:8 =


Innate Abilities, Weirdness & Mutations

You are immune to sickness and miasma.
You are immune to poison.
Your flesh is very heat resistant. (rF++)
You are vulnerable to cold. (rC-)
You float through the air rather than walking.
You learn spells naturally, not from books.
Your magical power is your life essence.
You have superior vitality. (+4 MHP)


Message History

There is a stone staircase leading up here.
Found a book of Chaos.
Found 4 stones.
You now have 361 gold pieces (gained 20).
I - a wand of charming (5) (gained 1 charge)
You now have 364 gold pieces (gained 3).
d - 3 white potions (gained 1)
You see here 5 stones.
There is an open door here.
Things that are here:
a +0 whip; a gnoll skeleton You see here a howler monkey skeleton.
There is an open door here.
A steam dragon comes into view.
The steam dragon hisses angrily.
You hear two shouts!
You hear a shout!
A skeletal warrior comes into view. It is wielding a +0 dire flail.
A two-headed ogre comes into view.
It is wielding a +0 dire flail and a +0 giant spiked club.
A centaur warrior comes into view.
The centaur warrior shouts!
The centaur warrior moves out of view.
Casting: Iskenderun's Mystic Blast (dangerous; 6% risk of failure)
Confirm with . or Enter, or press ? or * to list all spells.
You erupt in a blast of force!
The mystic blast hits the two-headed ogre!
The two-headed ogre is lightly wounded.
The mystic blast hits the skeletal warrior but does no damage.
You hear an angry hiss.
You hear a shout!
You hear an angry hiss.
The skeletal warrior hits you with a +0 dire flail!!
A wyvern comes into view.
The skeletal warrior attacks as it pursues you!
The skeletal warrior barely misses you.
A gnoll sergeant comes into view. It is wielding a +0 spear.
The skeletal warrior attacks as it pursues you!
The skeletal warrior barely misses you.
The centaur warrior wields a +0 orcbow.
The centaur warrior shoots an arrow.
The arrow hits you!
The centaur warrior shoots an arrow.
The arrow hits you!
The skeletal warrior attacks as it pursues you!
The skeletal warrior hits you with a +0 dire flail!!
You die...

##...#.Oc#. ###..#........#....
##..[.#.# .##..................
#.!....## #.#..)...............
#.......####...###.####.........
#.....#.....c.####.# #.........
#.....##.g..O......####.........
######..........................
#####......k.z.................
#........#####@..........##.#..
#....^...#####.........).).....
#...........##..........)[.....
#...........##.................
#......#....##.................
#......#######..(.....)........
#......#######.....).####'###..
#......'.....#.......# #.# ###
#......#####.#.......# #.#####


You could see a skeletal warrior, a centaur warrior, a two-headed ogre, a wyvern
and a gnoll sergeant.

Vanquished Creatures
  A two-headed ogre (D:9)
  Joseph (D:8)
  5 yaks
  A steam dragon (D:9)
  3 water moccasins
  2 orc warriors
  A black bear (D:6)
  An ogre (D:6)
  2 centaurs
  2 phantoms (D:5)
  2 kobold brigands
  3 bullfrogs
  2 gnoll sergeants
  2 scorpions (D:5)
  8 wights
  3 killer bees (D:7)
  4 howler monkeys
  4 hounds
  9 orc priests
  2 gnoll boudas
  2 sleepcaps
  3 iguanas
  7 orc wizards
  22 gnolls
  11 adders
  A shadow imp (D:8)
  A white imp (D:7)
  2 ufetubi (D:6)
  3 dart slugs
  40 orcs
  8 endoplasms
  5 giant cockroaches
  6 goblins
  8 hobgoblins
  11 jackals
  4 quokkas
  3 ball pythons
  11 bats
  7 frilled lizards
  22 kobolds
  5 rats
240 creatures vanquished.

Notes
Turn   | Place    | Note
-------+----------+-------------------------------------------
     0 | D:1      | timneilson the Djinni Conjurer began the quest for the Orb.
     0 | D:1      | timneilson set off with the following spells memorised:
                  | Magic Dart, Searing Ray, Fulminant Prism, Iskenderun's
                  | Mystic Blast.
     0 | D:1      | Reached XP level 1. HP: 15/15 MP: 0/0
   290 | D:1      | Identified a scroll of acquirement
   290 | D:1      | Acquired a manual of Evocations
   339 | D:1      | Reached XP level 2. HP: 17/21 MP: 0/0
   816 | D:2      | Reached skill level 1 in Fighting
   835 | D:2      | Reached XP level 3. HP: 23/27 MP: 0/0
   835 | D:2      | Learned a level 1 spell: Sting
   998 | D:3      | Found a faded altar of an unknown god.
  1073 | D:4      | Acquired the +2 pair of gloves of the Great Game {rN+ rCorr
                  | MP-9 Dex+6}
  1091 | D:5      | Entered Level 5 of the Dungeon
  1101 | D:5      | Found a staircase to the Ecumenical Temple.
  1109 | Temple   | Entered the Ecumenical Temple
  1116 | Temple   | Became a worshipper of Makhleb the Destroyer
  1288 | D:2      | Reached XP level 4. HP: 29/32 MP: 0/0
  1303 | D:2      | Reached skill level 1 in Armour
  1303 | D:2      | Reached skill level 3 in Dodging
  1479 | D:2      | Reached * piety under Makhleb
  2090 | D:3      | Reached XP level 5. HP: 36/38 MP: 0/0
  2090 | D:3      | Learned a level 2 spell: Scorch
  2100 | D:3      | Reached skill level 1 in Evocations
  2883 | D:4      | Reached ** piety under Makhleb
  3196 | D:4      | Reached skill level 1 in Invocations
  3196 | D:4      | Reached XP level 6. HP: 39/43 MP: 0/0
  3633 | D:5      | Reached skill level 4 in Dodging
  3709 | D:5      | Reached XP level 7. HP: 44/49 MP: 0/0
  3709 | D:5      | Learned a level 3 spell: Fugue of the Fallen
  3835 | D:5      | Noticed a water moccasin
  3840 | D:5      | Killed a water moccasin
  4007 | D:5      | Reached XP level 8. HP: 53/58 MP: 0/0
  4135 | D:5      | Reached skill level 5 in Dodging
  4643 | D:6      | Reached *** piety under Makhleb
  5480 | D:7      | Found an iron altar of Okawaru.
  5590 | D:7      | Reached XP level 9. HP: 53/64 MP: 0/0
  5590 | D:7      | Learned a level 3 spell: Sigil of Binding
  5621 | D:7      | Reached skill level 6 in Dodging
  5861 | D:7      | Reached skill level 5 in Fighting
  6048 | D:7      | Found a broken altar of Ashenzari.
  6139 | D:7      | Reached skill level 5 in Evocations
  6683 | D:7      | Reached **** piety under Makhleb
  6856 | D:8      | Found a stormy altar of Qazlal.
  6856 | D:8      | Found an ornate altar of the Wu Jian Council.
  6857 | D:8      | Found a bloodstained altar of Trog.
  7244 | D:8      | Reached skill level 7 in Dodging
  7330 | D:8      | Reached XP level 10. HP: 57/72 MP: 0/0
  7454 | D:8      | Reached skill level 5 in Spellcasting
  7454 | D:8      | Reached skill level 5 in Conjurations
  7454 | D:8      | Reached skill level 5 in Hexes
  7454 | D:8      | Reached skill level 5 in Summonings
  7454 | D:8      | Reached skill level 5 in Necromancy
  7454 | D:8      | Reached skill level 5 in Translocations
  7454 | D:8      | Reached skill level 5 in Fire Magic
  7454 | D:8      | Reached skill level 5 in Ice Magic
  7454 | D:8      | Reached skill level 5 in Air Magic
  7454 | D:8      | Reached skill level 5 in Earth Magic
  7454 | D:8      | Reached skill level 5 in Alchemy
  7629 | D:8      | Noticed Joseph
  7642 | D:8      | Killed Joseph
  7920 | D:8      | Found Idowidgh's Jewellery Emporium.
  8108 | D:8      | Identified the +5 long sword of Fear {distort, rC+}
  8645 | D:9      | Found a staircase to the Lair.
  8684 | D:9      | Reached ***** piety under Makhleb
  8708 | D:9      | Reached skill level 8 in Dodging
  8899 | D:9      | Noticed a two-headed ogre
  8915 | D:9      | Killed a two-headed ogre
  9150 | D:9      | Noticed a skeletal warrior
  9150 | D:9      | Noticed a two-headed ogre
  9150 | D:9      | Noticed a centaur warrior
  9161 | D:9      | Slain by a skeletal warrior

Illustrated notes

Levels and vault maps discovered:
D:1:      lightli_arrival_windingriver, layout_loops_ring
D:2:      layout_basic, dk_noncrumbling_3
D:3:      layout_loops_corners, mainiacjoe_overflow_boulevard,
          shapermc_ecumenical_altar_gd, minmay_misc_feat_alley, st_stairs_8
D:4:      layout_gridville, lemuel_flame_loot_1
D:5:      layout_basic, minmay_temple_entry_stoned_glass
D:6:      layout_basic, grunt_decor_mini_mirrors
D:7:      layout_loops_cross, mainiacjoe_overflow_six_doors_small,
          lemuel_round_altar, lemuel_blue_sif_altar
D:8:      layout_cave_pools, gammafunk_temple_overflow_claw, serial_shops, shop,
          hangedman_abyss_or_decor_passed, fungi_pond_lemuel, uniq_joseph
D:9:      layout_basic, dpeg_oklobed_lair, minmay_ruined_shrine
Temple:   nicolae_temple_superstar

Skill      XL: |  1  2  3  4  5  6  7  8  9 10 |
---------------+-------------------------------+-----
Fighting       | 1 2 3 4 6 7 |  7.2
Armour         | 1 2 3 4 |  4.9
Dodging        | 3 4 5 7 8 |  8.3
Stealth        | 2 3 4 |  4.9
Evocations     | 1 2 3 4 5 7 |  7.0
Invocations    | 1 2 3 4 |  4.8
Spellcasting   | 4 5 |  5.3
Conjurations   | 4 5 |  5.3
Hexes          | 4 5 |  5.3
Summonings     | 4 5 |  5.3
Necromancy     | 4 5 |  5.3
Translocations | 4 5 |  5.3
Fire Magic     | 4 5 |  5.3
Ice Magic      | 4 5 |  5.3
Air Magic      | 4 5 |  5.3
Earth Magic    | 4 5 |  5.3
Alchemy        | 4 5 |  5.3

Action                     |  1- 3 |  4- 6 |  7- 9 | 10-12 || total
---------------------------+-------+-------+-------+-------++-------
  Melee: Dagger            |     3 |     2 |     7 |     5 ||    17
   Cast: Magic Dart        |    60 |   127 |    45 |    39 ||   271
         Searing Ray       |       |     6 |    11 |    10 ||    27
         Scorch            |       |    11 |   152 |    78 ||   241
         Iskenderun's Myst |       |     1 |     4 |     6 ||    11
         Sigil of Binding  |       |       |       |     1 ||     1
    Use: Scroll            |     3 |     6 |     6 |     1 ||    16
 Armour: Robe              |     1 |    18 |    59 |    45 ||   123
  Dodge: Dodged            |    13 |    21 |    68 |    55 ||   157

Table legend: (Time is in decaauts)
 A = Elapsed time spent in this place.
 B = Non-inter-level travel time spent in this place.
 C = Inter-level travel time spent in this place.
 D = Time resting spent in this place.
 E = Time spent auto-exploring this place.
 F = Levels seen in this place.
 G = Mean time per level.
                   A        B        C        D        E       F      G
               +--------+--------+--------+--------+--------+-----+--------+
         Total |   9163 |   8918 |    245 |   1514 |   5322 |  10 |  916.3 |
       Dungeon |   9149 |   8910 |    239 |   1514 |   5322 |   9 | 1016.6 |
        Temple |     14 |      8 |      6 |      0 |      0 |   1 |   14.0 |
               +--------+--------+--------+--------+--------+-----+--------+

Top non-repeatable levels by time:
     D:7: 1436 daAuts
     D:6: 1332 daAuts
     D:8: 1299 daAuts
     D:3: 1051 daAuts
     D:2: 915 daAuts
     D:4: 914 daAuts
     D:9: 776 daAuts
     D:5: 723 daAuts
     D:1: 698 daAuts
  Temple: 14 daAuts
